Workbook

Sheet DIARIO
A2: Nombre: | C2: =LIQUIDACION!D10 -> Sergio de Céspedes Rodríguez | I2: =LIQUIDACION!H11 -> Entrenador Nacional CTJ
A5: Fecha | B5: Nº Asiento | C5: Nº Doc. | D5: Tipo | E5: Nº de cuenta | F5: Descripción | H5: Actuación | I5: Grupo | J5: Actividad | K5: Debe | L5: Haber | M5: Tipo Contr. | N5: Cta. Contr. | O5: Cód. Depart. | P5: Cód. Programa
A6: =TODAY() -> 41355 | D6: C | E6: =IF(H6="13-815","62907002",IF(H6="13-809","62907001",IF($Q$6="ROMEU","62309","65501"))) -> 65501 | F6: =$C$2 -> Sergio de Céspedes Rodríguez | G6: =LIQUIDACION!$G$12 -> Concentración Juvenil Mixta 13-422 | H6: =IF($I$2="Árbitro","13-075",IF($I$2="Valorador/a","13-445",IF($I$2="Medidor","",IF($I$2="Miembro Green Section","13-803",RIGHT(LIQUIDACION!$G$12,6))))) -> 13-422 | K6: =SUM(LIQUIDACION!K30:'LIQUIDACION'!K36) -> 0 | Q6: =IF($I$2="Medidor","ROMEU",IF($I$2="Miembro Green Section",PRINCIPAL!H10,)) -> 0
A7: =TODAY() -> 41355 | D7: C | E7: =IF(H7="13-815","62907002",IF(H7="13-809","62907001",IF($Q$6="ROMEU","62309","65501"))) -> 65501 | F7: =$C$2 -> Sergio de Céspedes Rodríguez | G7: =LIQUIDACION!$G$12 -> Concentración Juvenil Mixta 13-422 | H7: =IF($I$2="Árbitro","13-075",IF($I$2="Valorador/a","13-445",IF($I$2="Medidor","",IF($I$2="Miembro Green Section","13-803",RIGHT(LIQUIDACION!$G$12,6))))) -> 13-422 | K7: =SUM(LIQUIDACION!K19:'LIQUIDACION'!K24) -> 47.95
A8: =TODAY() -> 41355
A9: =TODAY() -> 41355
I10: Gastos | K10: =SUM(K6:K9) -> 47.95
D11: C | E11: B
A14: Comentarios: | B14: =IF(PRINCIPAL!G59<>0,"DEDUCIR PROVISIÓN DE FONDOS",) -> 0 | F14: =IF(PRINCIPAL!G59<>0,PRINCIPAL!G59,) -> 0 | G14: =IF(K10<F14,"Reclamar diferencia","Abonar") -> Abonar | H14: =IF(G14="Reclamar diferencia",F14-K10,IF(G14="Abonar",K10-F14,"")) -> 47.95
E16: =IF(LIQUIDACION!I50<>0,"TIENE HOJA DE TRANSFERENCIA",) -> 0

Sheet RETRIBUCIONES
A2: Nombre: | C2: =LIQUIDACION!D10 -> Sergio de Céspedes Rodríguez | I2: =LIQUIDACION!H11 -> Entrenador Nacional CTJ
A5: Tipo | B5: Número | C5: C.R. | D5: Descripción | F5: Actuación | G5: Grupo | H5: Actividad | I5: Importe | J5: Clave | K5: %Ret | L5: Importe Ret. | M5: Neto | N5: Cód. Depart. | O5: Cód. Programa
A6: C | B6: =IF(F6="13-815","62907002",IF(F6="13-809","62907001",IF($Q$6="ROMEU","62309","65501"))) -> 65501 | C6: 10 | D6: =$C$2 -> Sergio de Céspedes Rodríguez | E6: =LIQUIDACION!$G$12 -> Concentración Juvenil Mixta 13-422 | F6: =IF($I$2="Árbitro","13-075",IF($I$2="Valorador/a","13-445",IF($I$2="Medidor","",IF($I$2="Miembro Green Section","13-803",RIGHT(LIQUIDACION!$G$12,6))))) -> 13-422 | I6: =P6*LIQUIDACION!E26 -> 0 | J6: F | K6: 21 | L6: =IF((LIQUIDACION!K26)<>0,LIQUIDACION!K27,0) -> 0 | M6: =I6+L6 -> 0 | O6: =IF($Q$6="Asesoramiento Directo","DIRECTO",IF($Q$6="Asesoramiento Indirecto","INDIRECTO",IF($Q$6="Medio Ambiente","CONFERENCIAS",IF($Q$6="Construcción","CONSTRUCCION",IF($Q$6="Campeonatos","CAMPEONATOS",IF($Q$6="ROMEU","ROMEU",IF($Q$6=0,""))))))) | P6: =IF(I2="Medidor",187.06,48.66) -> 48.66 | Q6: =IF($I$2="Medidor","ROMEU",IF($I$2="Miembro Green Section",PRINCIPAL!H10,)) -> 0
A7: C | B7: =IF(F7="13-815","62907002",IF(F7="13-809","62907001",IF($Q$6="ROMEU","62309","65500"))) -> 65500 | C7: 08 | D7: =$C$2 -> Sergio de Céspedes Rodríguez | E7: =LIQUIDACION!$G$12 -> Concentración Juvenil Mixta 13-422 | F7: =IF($I$2="Árbitro","13-075",IF($I$2="Valorador/a","13-445",IF($I$2="Medidor","",IF($I$2="Miembro Green Section","13-803",RIGHT(LIQUIDACION!$G$12,6))))) -> 13-422 | I7: =LIQUIDACION!E22*(LIQUIDACION!H22-0.19) -> 0 | J7: F | K7: 21 | L7: =-I7*K7/100 -> 0 | M7: =I7+L7 -> 0 | O7: =IF($Q$6="Asesoramiento Directo","DIRECTO",IF($Q$6="Asesoramiento Indirecto","INDIRECTO",IF($Q$6="Medio Ambiente","CONFERENCIAS",IF($Q$6="Construcción","CONSTRUCCION",IF($Q$6="Campeonatos","CAMPEONATOS",IF($Q$6="ROMEU","ROMEU",IF($Q$6=0,"")))))))
A8: C | B8: =IF(F8="13-815","62907002",IF(F8="13-809","62907001",IF($Q$6="ROMEU","62309","65500"))) -> 65500 | C8: 07 | D8: =$C$2 -> Sergio de Céspedes Rodríguez | E8: =LIQUIDACION!$G$12 -> Concentración Juvenil Mixta 13-422 | F8: =IF($I$2="Árbitro","13-075",IF($I$2="Valorador/a","13-445",IF($I$2="Medidor","",IF($I$2="Miembro Green Section","13-803",RIGHT(LIQUIDACION!$G$12,6))))) -> 13-422 | I8: =LIQUIDACION!K19 -> 47.95 | J8: Z | M8: =I8 -> 47.95 | O8: =IF($Q$6="Asesoramiento Directo","DIRECTO",IF($Q$6="Asesoramiento Indirecto","INDIRECTO",IF($Q$6="Medio Ambiente","CONFERENCIAS",IF($Q$6="Construcción","CONSTRUCCION",IF($Q$6="Campeonatos","CAMPEONATOS",IF($Q$6="ROMEU","ROMEU",IF($Q$6=0,"")))))))
A9: C | B9: =IF(F9="13-815","62907002",IF(F9="13-809","62907001",IF($Q$6="ROMEU","62309","65501"))) -> 65501 | C9: 09 | D9: =$C$2 -> Sergio de Céspedes Rodríguez | E9: =LIQUIDACION!$G$12 -> Concentración Juvenil Mixta 13-422 | F9: =IF($I$2="Árbitro","13-075",IF($I$2="Valorador/a","13-445",IF($I$2="Medidor","",IF($I$2="Miembro Green Section","13-803",RIGHT(LIQUIDACION!$G$12,6))))) -> 13-422 | I9: =SUM(LIQUIDACION!K30:'LIQUIDACION'!K36) -> 0 | J9: Z | M9: =I9 -> 0 | O9: =IF($Q$6="Asesoramiento Directo","DIRECTO",IF($Q$6="Asesoramiento Indirecto","INDIRECTO",IF($Q$6="Medio Ambiente","CONFERENCIAS",IF($Q$6="Construcción","CONSTRUCCION",IF($Q$6="Campeonatos","CAMPEONATOS",IF($Q$6="ROMEU","ROMEU",IF($Q$6=0,"")))))))
A10: C | B10: =IF(F10="13-815","62907002",IF(F10="13-809","62907001",IF($Q$6="ROMEU","62309","65500"))) -> 65500 | C10: 16 | D10: =$C$2 -> Sergio de Céspedes Rodríguez | E10: =LIQUIDACION!$G$12 -> Concentración Juvenil Mixta 13-422 | F10: =IF($I$2="Árbitro","13-075",IF($I$2="Valorador/a","13-445",IF($I$2="Medidor","",IF($I$2="Miembro Green Section","13-803",RIGHT(LIQUIDACION!$G$12,6))))) -> 13-422 | I10: =LIQUIDACION!E22*0.19 -> 0 | J10: L | M10: =I10 -> 0 | O10: =IF($Q$6="Asesoramiento Directo","DIRECTO",IF($Q$6="Asesoramiento Indirecto","INDIRECTO",IF($Q$6="Medio Ambiente","CONFERENCIAS",IF($Q$6="Construcción","CONSTRUCCION",IF($Q$6="Campeonatos","CAMPEONATOS",IF($Q$6="ROMEU","ROMEU",IF($Q$6=0,"")))))))
A11: C | B11: =IF(F11="13-815","62907002",IF(F11="13-809","62907001",IF($Q$6="ROMEU","62309","65501"))) -> 65501 | C11: 19 | D11: =$C$2 -> Sergio de Céspedes Rodríguez | E11: =LIQUIDACION!$G$12 -> Concentración Juvenil Mixta 13-422 | F11: =IF($I$2="Árbitro","13-075",IF($I$2="Valorador/a","13-445",IF($I$2="Medidor","",IF($I$2="Miembro Green Section","13-803",RIGHT(LIQUIDACION!$G$12,6))))) -> 13-422 | I11: =LIQUIDACION!K26-I6 -> 0 | J11: L | M11: =I11-L11 -> 0 | O11: =IF($Q$6="Asesoramiento Directo","DIRECTO",IF($Q$6="Asesoramiento Indirecto","INDIRECTO",IF($Q$6="Medio Ambiente","CONFERENCIAS",IF($Q$6="Construcción","CONSTRUCCION",IF($Q$6="Campeonatos","CAMPEONATOS",IF($Q$6="ROMEU","ROMEU",IF($Q$6=0,"")))))))
K12: Gastos | M12: =SUM(M6:M11) -> 47.95
A14: Comentarios: | C14: =IF(PRINCIPAL!G59<>0,"DEDUCIR PROVISIÓN DE FONDOS",) -> 0 | E14: =IF(PRINCIPAL!G59<>0,PRINCIPAL!G59,) -> 0 | F14: =IF(M12<E14,"Reclamar diferencia","Abonar") -> Abonar | J14: =IF(F14="Reclamar diferencia",E14-M12,IF(F14="Abonar",M12-E14,"")) -> 47.95
C16: =IF(LIQUIDACION!I50<>0,"TIENE HOJA DE TRANSFERENCIA",) -> 0

Sheet TRANSFERENCIA
A1: ORDEN DE TRANSFERENCIA BANKIA
A2: FECHA | B2: =LIQUIDACION!J40 -> 22 de marzo de 2013
A4: ORDENANTE | C4: CÓDICO CUENTA CLIENTE DE CARGO O IBAN
A5: REAL FEDERACIÓN ESPAÑOLA DE GOLF | C5: IBAN:
C6: ENTIDAD OFICINA D.C. Nº DE CUENTA
C7: 2038 7077 20 6800008846
A9: POR ORDEN DE:
A10: BENEFICIARIO | C10: CÓDICO CUENTA CLIENTE DE ABONO O IBAN
A11: =LIQUIDACION!D10 -> Sergio de Céspedes Rodríguez | C11: IBAN:
C12: ENTIDAD OFICINA D.C. Nº DE CUENTA
C13: =LIQUIDACION!I49 -> 0065 0161 14 0001037198
A15: IMPORTE NOMINAL | B15: TIPO GASTO | C15: COMISION | D15: IMPORTE TOTAL
A16: =PRINCIPAL!J59 -> 47.95
A17: CONCEPTO: | B17: =LIQUIDACION!G12 -> Concentración Juvenil Mixta 13-422
C19: Firma

Sheet PRINCIPAL
A1: =CONCATENATE(C8," ",C12) -> Sergio de Céspedes Rodríguez Concentración Juvenil Mixta 13-422
A7: JUSTIFICACIÓN DE GASTOS POR INDEMNIZACIONES DE CARACTER INDIVIDUAL
A8: Nombre y apellidos | C8: Sergio de Céspedes Rodríguez
A9: NIF | C9: 44576869-V | L9: Asesoramiento Directo | M9: Asesoramiento Indirecto | N9: Medio Ambiente | O9: Construcción | P9: Campeonatos
A10: Cargo que desempeña | C10: Otros | G10: =IF(C10="Miembro Green Section","Grupo","") | H10: Asesoramiento Directo | L10: Jugador/a | M10: Árbitro | N10: Valorador/a | O10: Vocal Junta Directiva | P10: Vocal Comité Técnico | Q10: Medidor | R10: Director de Torneo | S10: Miembro Green Section | T10: Otros
A11: =IF(C10="Árbitro"," Indique nombre de la prueba",IF(C10="Valorador/a","Indique el Campo o Campos valorados",IF(C10="Medidor","Indique el Campo o Campos medidos",IF(C10="Miembro Green Section","Motivo del gasto","Si el cargo es Otros, especifíquelo")))) -> Si el cargo es Otros, especifíquelo | C11: Entrenador Nacional CTJ
A12: Campeonato o evento que se liquida | C12: Concentración Juvenil Mixta 13-422 | K12: =LIQUIDACION!J58 -> Cº Canarias Masculino 13-001
A13: Ciudad o campo | C13: Centro Nacional de Golf (Madrid) | K13: =LIQUIDACION!J59 -> Match Cuadrangular Masculino 13-002 | L13: =LIQUIDACION!E59 -> España ESP
A14: País | C14: España ESP | K14: =LIQUIDACION!J60 -> Copa Baleares Masculina 13-003 | L14: =LIQUIDACION!E60 -> Afganistan AFG
A15: Fecha de inicio | C15: 16 | E15: de | F15: marzo | I15: =IF(C10="Árbitro","Nº de días",IF(C10="Valorador/a","Nº de días",IF(C10="Medidor","Nº de días",IF(C10="Director de Torneo","Nº de días","")))) | K15: =LIQUIDACION!J61 -> Cº Internacional de Portugal Masculino 13-004 | L15: =LIQUIDACION!E61 -> Antillas Holandesas AHO | M15: =LIQUIDACION!A58 -> 1 | N15: =LIQUIDACION!B58 -> enero
A16: Fecha de finalización | C16: 17 | E16: de | F16: marzo | K16: =LIQUIDACION!J62 -> Match Francia-España (sub 18) 13-005 | L16: =LIQUIDACION!E62 -> Albania ALB | M16: =LIQUIDACION!A59 -> 2 | N16: =LIQUIDACION!B59 -> febrero
A17: Tipo de cambio de divisa (en su caso) | E17: € por unidad de divisa | H17: =IF(I16<>0,"Nº de días sólo es válido para Árbitros, Valoradores, Medidores o Directores de Torneo","") | K17: =LIQUIDACION!J63 -> Cº Int.España Amateur.Copa SM El Rey 13-006 | L17: =LIQUIDACION!E63 -> Argelia ALG | M17: =LIQUIDACION!A60 -> 3 | N17: =LIQUIDACION!B60 -> marzo
A18: ¿Se ha desplazado en su propio coche? | C18: No | E18: ES OBLIGATORIO INDICAR LA MATRÍCULA Y EL TRAYECTO | K18: =LIQUIDACION!J64 -> Copa Sotogrande Masculina 13-007 | L18: =LIQUIDACION!E64 -> Andorra AND | M18: =LIQUIDACION!A61 -> 4 | N18: =LIQUIDACION!B61 -> abril
C19: Trayecto | K19: =LIQUIDACION!J65 -> Cº España Individual Junior y Boys 13-008 | L19: =LIQUIDACION!E65 -> Angola ANG | M19: =LIQUIDACION!A62 -> 5 | N19: =LIQUIDACION!B62 -> mayo
C20: Nº de Kilómetros | G20: Matrícula | K20: =LIQUIDACION!J66 -> Cº Comunidad Valenciana Masculino 13-009 | L20: =LIQUIDACION!E66 -> Antigua y Barbuda ANT | M20: =LIQUIDACION!A63 -> 6 | N20: =LIQUIDACION!B63 -> junio
A21: Fecha en la que se confeciona esta liquidación | C21: 22 | E21: de | F21: marzo | H21: de 2013 | I21: =CONCATENATE(C21," ",E21," ",F21," ",H21) -> 22 de marzo de 2013 | K21: =LIQUIDACION!J67 -> Match España-Inglaterra masculino 13-010 | L21: =LIQUIDACION!E67 -> Anguila ANU | M21: =LIQUIDACION!A64 -> 7 | N21: =LIQUIDACION!B64 -> julio
K22: =LIQUIDACION!J68 -> Lytham Trophy 13-011 | L22: =LIQUIDACION!E68 -> Argentina ARG | M22: =LIQUIDACION!A65 -> 8 | N22: =LIQUIDACION!B65 -> agosto
A23: Número de cuenta Corriente (20 dígitos) | C23: 0065 0161 14 0001037198 | K23: =LIQUIDACION!J69 -> Copa de Andalucía Masculina 13-012 | L23: =LIQUIDACION!E69 -> Armenia ARM | M23: =LIQUIDACION!A66 -> 9 | N23: =LIQUIDACION!B66 -> septiembre
K24: =LIQUIDACION!J70 -> Copa Nacional Puerta de Hierro Masculina 13-014 | L24: =LIQUIDACION!E70 -> Aruba ARU | M24: =LIQUIDACION!A67 -> 10 | N24: =LIQUIDACION!B67 -> octubre
A25: Sí | K25: =LIQUIDACION!J71 -> Concentración CT Masculino 13-015 | L25: =LIQUIDACION!E71 -> Samoa Americana ASA | M25: =LIQUIDACION!A68 -> 11 | N25: =LIQUIDACION!B68 -> noviembre
A26: No | C26: Desplazamiento | E26: Manutención | G26: Alojamiento | I26: Varios | K26: =LIQUIDACION!J72 -> Juegos Mediterráneos 13-016 | L26: =LIQUIDACION!E72 -> Australia AUS | M26: =LIQUIDACION!A69 -> 12 | N26: =LIQUIDACION!B69 -> diciembre
C27: € | D27: Divisa | E27: € | F27: Divisa | G27: € | H27: Divisa | I27: € | J27: Divisa | K27: =LIQUIDACION!J73 -> St. Andrews Links Trophy 13-017 | L27: =LIQUIDACION!E73 -> Austria AUT | M27: =LIQUIDACION!A70 -> 13
C28: Avión | D28: =SUM(C29:C31)+(SUM(D29:D31))*$C$17 -> 0 | K28: =LIQUIDACION!J74 -> British Amateur Masculino 13-018 | L28: =LIQUIDACION!E74 -> Azerbaidjan AZE | M28: =LIQUIDACION!A71 -> 14
K29: =LIQUIDACION!J75 -> Brabazon Tropy 13-019 | L29: =LIQUIDACION!E75 -> Bahamas BAH | M29: =LIQUIDACION!A72 -> 15
K30: =LIQUIDACION!J76 -> Cº Europa Absoluto por Equipos Masc. 13-020 | L30: =LIQUIDACION!E76 -> Bangladesh BAN | M30: =LIQUIDACION!A73 -> 16
K31: =LIQUIDACION!J77 -> Cº Europa Boys por Equipos 13-021 | L31: =LIQUIDACION!E77 -> Barbados BAR | M31: =LIQUIDACION!A74 -> 17
C32: Tren | D32: =SUM(C33:C35)+(SUM(D33:D35))*$C$17 -> 0 | K32: =LIQUIDACION!J78 -> Concentración Preparatoria Europa Mascul 13-022 | L32: =LIQUIDACION!E78 -> Burundi BDI | M32: =LIQUIDACION!A75 -> 18
K33: =LIQUIDACION!J79 -> Campeonatos por invitación Masculinos 13-023 | L33: =LIQUIDACION!E79 -> Bélgica BEL | M33: =LIQUIDACION!A76 -> 19
K34: =LIQUIDACION!J80 -> Copa de Europa de Clubs 13-024 | L34: =LIQUIDACION!E80 -> Benin BEN | M34: =LIQUIDACION!A77 -> 20
K35: =LIQUIDACION!J81 -> Cº España Individual Absoluto Masculino 13-025 | L35: =LIQUIDACION!E81 -> Bermudas BER | M35: =LIQUIDACION!A78 -> 21
C36: Otros | D36: =SUM(C37:C56)+(SUM(D37:D56))*$C$17 -> 47.95 | K36: =LIQUIDACION!J82 -> Grand Prix des Landes Masculino 13-026 | L36: =LIQUIDACION!E82 -> Bhutan BHU | M36: =LIQUIDACION!A79 -> 22
C37: 23.1 | K37: =LIQUIDACION!J83 -> Concentración Tommy Horton CTAM 13-027 | L37: =LIQUIDACION!E83 -> Bosnia-Herzegovina BIH | M37: =LIQUIDACION!A80 -> 23
C38: 24.85 | K38: =LIQUIDACION!J84 -> Cº Europa Individual Masculino 13-028 | L38: =LIQUIDACION!E84 -> Belize BIZ | M38: =LIQUIDACION!A81 -> 24
K39: =LIQUIDACION!J85 -> British Boys 13-029 | L39: =LIQUIDACION!E85 -> Belarus (Bielorrusia) BLR | M39: =LIQUIDACION!A82 -> 25
K40: =LIQUIDACION!J86 -> Cº Internacional de Finlandia Masculino 13-030 | L40: =LIQUIDACION!E86 -> Bolivia BOL | M40: =LIQUIDACION!A83 -> 26
K41: =LIQUIDACION!J87 -> Jacques Leglise Trophy 13-031 | L41: =LIQUIDACION!E87 -> Botswana BOT | M41: =LIQUIDACION!A84 -> 27
K42: =LIQUIDACION!J88 -> Cº Int. España Jr. Stroke Play Masculin 13-032 | L42: =LIQUIDACION!E88 -> Brasil BRA | M42: =LIQUIDACION!A85 -> 28
K43: =LIQUIDACION!J89 -> Interterritorial sub-25 1ª división Masc 13-033 | L43: =LIQUIDACION!E89 -> Bahrain BRN | M43: =LIQUIDACION!A86 -> 29
K44: =LIQUIDACION!J90 -> Cº Internacional de Portugal Femenino 13-034 | L44: =LIQUIDACION!E90 -> Brunei BRU | M44: =LIQUIDACION!A87 -> 30
K45: =LIQUIDACION!J91 -> Match España-Suecia Femenino 13-035 | L45: =LIQUIDACION!E91 -> Bulgaria BUL | M45: =LIQUIDACION!A88 -> 31
K46: =LIQUIDACION!J92 -> Cº Comunidad Valenciana Femenino 13-036 | L46: =LIQUIDACION!E92 -> Burkina Faso BUR
K47: =LIQUIDACION!J93 -> Cº Int.de España Fem-Copa SM La Reina 13-037 | L47: =LIQUIDACION!E93 -> Republica Centroafricana CAF
K48: =LIQUIDACION!J94 -> Cº Europeo de Naciones Fem.Copa Sotogran 13-038 | L48: =LIQUIDACION!E94 -> Camboya CAM
K49: =LIQUIDACION!J95 -> Cº Int. Francia Jr.-Coupe Esmond 13-039 | L49: =LIQUIDACION!E95 -> Canada CAN
K50: =LIQUIDACION!J96 -> Copa Andalucía Femenina 13-040 | L50: =LIQUIDACION!E96 -> I. Caiman CAY
K51: =LIQUIDACION!J97 -> Cº Int. España Stroke Play Fem. 13-041 | L51: =LIQUIDACION!E97 -> Congo Republica Popular CGO
K52: =LIQUIDACION!J98 -> Cº Int. de Alemania Femenino 13-042 | L52: =LIQUIDACION!E98 -> Chad CHA
K53: =LIQUIDACION!J99 -> Cº España Absoluto Fem. Jr. y Girls 13-043 | L53: =LIQUIDACION!E99 -> Chile CHI
K54: =LIQUIDACION!J100 -> British Ladies Amateur Championship 13-044 | L54: =LIQUIDACION!E100 -> China Republica Popular CHN
K55: =LIQUIDACION!J101 -> Vagliano Trophy-Match Int.Europa-I.Britá 13-045 | L55: =LIQUIDACION!E101 -> Costa de Marfil CIV
K56: =LIQUIDACION!J102 -> Grand Prix de Chiberta Femenino 13-046 | L56: =LIQUIDACION!E102 -> Camerun CMR
C57: =SUM(C29:C31)+SUM(C33:C35)+SUM(C37:C56) -> 47.95 | D57: =SUM(D29:D31)+SUM(D33:D35)+SUM(D37:D56) -> 0 | E57: =SUM(E28:E56) -> 0 | F57: =SUM(F28:F56) -> 0 | G57: =SUM(G28:G56) -> 0 | H57: =SUM(H28:H56) -> 0 | I57: =SUM(I28:I56) -> 0 | J57: =SUM(J28:J56) -> 0 | K57: =LIQUIDACION!J103 -> Cº Comunidad de Madrid Femenino 13-047 | L57: =LIQUIDACION!E103 -> I. Cook (Nueva Zelanda) COK
C58: =C57+(D57*$C$17) -> 47.95 | E58: =E57+(F57*$C$17) -> 0 | G58: =G57+(H57*$C$17) -> 0 | I58: =I57+(J57*$C$17) -> 0 | K58: =LIQUIDACION!J104 -> Cº Europa Girls (sub-18) por equipos 13-048 | L58: =LIQUIDACION!E104 -> Colombia COL
C59: Total Gastos | E59: =LIQUIDACION!K37 -> 47.95 | F59: Provisión | H59: =IF(E59>G59,"A su favor","SIN PAGO. A N/F") -> A su favor | J59: =E59-G59 -> 47.95 | K59: =LIQUIDACION!J105 -> Cº Europa Absoluto por Equipos Femenino 13-049 | L59: =LIQUIDACION!E105 -> Comores COM
K60: =LIQUIDACION!J106 -> Cº Internacional Holanda Femenino 13-050 | L60: =LIQUIDACION!E106 -> Cabo Verde CPV
K61: =LIQUIDACION!J107 -> Grand Prix de Landes Femenino 13-051 | L61: =LIQUIDACION!E107 -> Costa Rica CRC
K62: =LIQUIDACION!J108 -> Cº Europa Individual Femenino 13-052 | L62: =LIQUIDACION!E108 -> Croacia CRO
K63: =LIQUIDACION!J109 -> British Girls Championship 13-053 | L63: =LIQUIDACION!E109 -> Cuba CUB
K64: =LIQUIDACION!J110 -> Cº Internacional de Finlandia Femenino 13-054 | L64: =LIQUIDACION!E110 -> Curacao CUC
K65: =LIQUIDACION!J111 -> Cº Internacional Béliga sub-18 Femenino 13-055 | L65: =LIQUIDACION!E111 -> Chipre CYP
K66: =LIQUIDACION!J112 -> Interterritorial España sub-25 Femenino 13-056 | L66: =LIQUIDACION!E112 -> República Checa CZE
K67: =LIQUIDACION!J113 -> Cº de Europa de Clubes Femenino 13-057 | L67: =LIQUIDACION!E113 -> Dinamarca DEN
K68: =LIQUIDACION!J114 -> Concentración EEUU - CTAF 13-058 | L68: =LIQUIDACION!E114 -> Djibuti DJI
K69: =LIQUIDACION!J115 -> British Ladies Stroke Play 13-059 | L69: =LIQUIDACION!E115 -> Dominica DMA
K70: =LIQUIDACION!J116 -> McGregor Trophy-Int.Inglaterra sub-16 13-060 | L70: =LIQUIDACION!E116 -> Republica Dominicana DOM
K71: =LIQUIDACION!J117 -> Evian Masters Juniors Cup 13-062 | L71: =LIQUIDACION!E117 -> Ecuador ECU
... K132: =LIQUIDACION!J178 -> Cº Internacional Italia P&P 13-433 | L132: =LIQUIDACION!E178 -> Letonia LAT
K133: =LIQUIDACION!J179 -> Cº Internacional Inglaterra P&P 13-434 | L133: =LIQUIDACION!E179 -> Libia LBA | M133: =LIQUIDACION!A63 -> 6 | N133: =LIQUIDACION!B63 -> junio
K134: =LIQUIDACION!J180 -> Cº Internacional San Marino P&P 13-435 | L134: =LIQUIDACION!E180 -> Liberia LBR | M134: =LIQUIDACION!A64 -> 7 | N134: =LIQUIDACION!B64 -> julio
K135: =LIQUIDACION!J181 -> Cº Europa Clubs P&P 13-436 | L135: =LIQUIDACION!E181 -> Santa Lucia LCA | M135: =LIQUIDACION!A65 -> 8 | N135: =LIQUIDACION!B65 -> agosto
K136: =LIQUIDACION!J182 -> Open Ibérico P&P 13-437 | L136: =LIQUIDACION!E182 -> Leshoto LES | M136: =LIQUIDACION!A66 -> 9 | N136: =LIQUIDACION!B66 -> septiembre
K137: =LIQUIDACION!J183 -> Cº Stroke Play IPPA P&P 13-438 | L137: =LIQUIDACION!E183 -> Libano LIB | M137: =LIQUIDACION!A67 -> 10 | N137: =LIQUIDACION!B67 -> octubre
K138: =LIQUIDACION!J184 -> Cº Europa por equipos P&P 13-439 | L138: =LIQUIDACION!E184 -> Liechtenstein LIE | M138: =LIQUIDACION!A68 -> 11 | N138: =LIQUIDACION!B68 -> noviembre
K139: =LIQUIDACION!J185 -> Cº 1er. Puntuable P&P 13-440 | L139: =LIQUIDACION!E185 -> Lituania LTU | M139: =LIQUIDACION!A69 -> 12 | N139: =LIQUIDACION!B69 -> diciembre
K140: =LIQUIDACION!J186 -> Cº 2do. Puntuable P&P 13-441 | L140: =LIQUIDACION!E186 -> Luxemburgo LUX | M140: =LIQUIDACION!A70 -> 13
K141: =LIQUIDACION!J187 -> Cº 3er. Puntuable P&P 13-442 | L141: =LIQUIDACION!E187 -> Macao ( Portugal) MAC | M141: =LIQUIDACION!A71 -> 14
K142: =LIQUIDACION!J188 -> Cº 4º Puntuable P&P 13-443 | L142: =LIQUIDACION!E188 -> Madagascar MAD | M142: =LIQUIDACION!A72 -> 15
K143: =LIQUIDACION!J189 -> Trofeo Clubs sin campo 13-444 | L143: =LIQUIDACION!E189 -> Malgache Republica MAG | M143: =LIQUIDACION!A73 -> 16
K144: =LIQUIDACION!J190 -> Valoración de Campos (SLOPE) 13-445 | L144: =LIQUIDACION!E190 -> Marrecos MAR | M144: =LIQUIDACION!A74 -> 17
K145: =LIQUIDACION!J191 -> Golf Adaptado 13-446 | L145: =LIQUIDACION!E191 -> Malasia MAS | M145: =LIQUIDACION!A75 -> 18
K146: =LIQUIDACION!J192 -> Trofeo Visa 13-447 | L146: =LIQUIDACION!E192 -> Malawi MAW | M146: =LIQUIDACION!A76 -> 19
K147: =LIQUIDACION!J193 -> C.T. A. Masculino organización 13-448 | L147: =LIQUIDACION!E193 -> Moldavia Republica de MDA | M147: =LIQUIDACION!A77 -> 20
K148: =LIQUIDACION!J194 -> Cursillos C.T. Reglas 13-600 | L148: =LIQUIDACION!E194 -> Maldivas MDV | M148: =LIQUIDACION!A78 -> 21
K149: =LIQUIDACION!J195 -> Cursos C.T. Campos 13-601 | L149: =LIQUIDACION!E195 -> Mexico MEX | M149: =LIQUIDACION!A79 -> 22
K150: =LIQUIDACION!J196 -> Formación de Técnicos 13-602 | L150: =LIQUIDACION!E196 -> Mongolia MGL | M150: =LIQUIDACION!A80 -> 23
K151: =LIQUIDACION!J197 -> Escuela Nacional Golf Profesional 13-603 | L151: =LIQUIDACION!E197 -> Micronesia (Estados Federales) MIC | M151: =LIQUIDACION!A81 -> 24
... K158: =LIQUIDACION!J204 -> Asamblea Presidentes P&P 13-802 | L158: =LIQUIDACION!E204 -> I. Marianas Holandesas MRH | M158: =LIQUIDACION!A88 -> 31
K159: =LIQUIDACION!J205 -> Green-Section 13-803 | L159: =LIQUIDACION!E205 -> I. Mauricio MRI
K160: =LIQUIDACION!J206 -> Reunión Presidente con FFAA 13-804 | L160: =LIQUIDACION!E206 -> Martinica (Francia) MRT
K161: =LIQUIDACION!J207 -> Junta Directiva 13-805 | L161: =LIQUIDACION!E207 -> I. Marshall MSH
K162: =LIQUIDACION!J208 -> Comisión Delegada 13-806 | L162: =LIQUIDACION!E208 -> Mauritania MTN
K163: =LIQUIDACION!J209 -> Asamblea Liquidación Presupuesto 13-807 | L163: =LIQUIDACION!E209 -> Myanmar Union de MYA
K164: =LIQUIDACION!J210 -> Reunión Presidente con FFAA 13-808 | L164: =LIQUIDACION!E210 -> Namibia NAM
K165: =LIQUIDACION!J211 -> Junta Directiva 13-809 | L165: =LIQUIDACION!E211 -> Nicaragua NCA
K166: =LIQUIDACION!J212 -> Comisión Delegada 13-810 | L166: =LIQUIDACION!E212 -> Nepal NEP
K167: =LIQUIDACION!J213 -> Reunión Presidente con FFAA 13-811 | L167: =LIQUIDACION!E213 -> Niger NIG
K168: =LIQUIDACION!J214 -> Junta Directiva 13-812 | L168: =LIQUIDACION!E214 -> Irlanda del norte (Ulster) NIR
K169: =LIQUIDACION!J215 -> Comisión Delegada 13-813 | L169: =LIQUIDACION!E215 -> Nive (Nueva Zelanda) NIV
K170: =LIQUIDACION!J216 -> Asamblea Aprobación Presupuesto 13-814 | L170: =LIQUIDACION!E216 -> Noruega NOR
... K194: =LIQUIDACION!J240 -> 0 | L194: =LIQUIDACION!E240 -> Senegal SEN
...

Sheet LIQUIDACION
A2: REAL FEDERACIÓN ESPAÑOLA DE GOLF
A5: JUSTIFICACIÓN DE GASTOS POR INDEMNIZACIONES DE CARACTER INDIVIDUAL
E6: Ejercicio | G6: 2013
A10: Nombre y apellidos | D10: =PRINCIPAL!C8 -> Sergio de Céspedes Rodríguez
A11: D.N.I. | D11: =PRINCIPAL!C9 -> 44576869-V | F11: Cargo que desempeña | H11: =IF(PRINCIPAL!C10="Otros",PRINCIPAL!C11,PRINCIPAL!C10) -> Entrenador Nacional CTJ
A12: Grupo | E12: Motivo del desplazamiento | G12: =IF(PRINCIPAL!C12<>0,PRINCIPAL!C12,PRINCIPAL!C11) -> Concentración Juvenil Mixta 13-422
A13: Lugar | D13: =PRINCIPAL!C13 -> Centro Nacional de Golf (Madrid) | G13: País | H13: =PRINCIPAL!C14 -> España ESP
A14: Fechas | D14: =PRINCIPAL!C15 -> 16 | F14: de | G14: =PRINCIPAL!F15 -> marzo | H14: a | I14: =PRINCIPAL!C16 -> 17 | J14: de | K14: =PRINCIPAL!F16 -> marzo
A15: =IF(PRINCIPAL!C17<>0,"Tipo de cambio de divisa",) -> 0 | E15: =PRINCIPAL!C17 -> 0 | F15: =IF(E15=0,"","€/unidad de divisa")
A18: GASTOS DE LOCOMOCIÓN
A19: - | B19: Transporte regular: | I19: Importe | K19: =PRINCIPAL!C58 -> 47.95
A20: - | B20: Vehículo propio | E20: =IF(PRINCIPAL!C18="Sí","Matrícula",) -> 0 | F20: =PRINCIPAL!H20 -> 0
B21: Itinerario | E21: =PRINCIPAL!D19 -> 0
B22: Kms. recorridos | E22: =PRINCIPAL!E20 -> 0 | G22: Importe/km | H22: 0.26 | I22: Importe | K22: =E22*H22 -> 0
F23: =IF(K23<>0,"21% I.R.P.F. sobre exceso kilometraje",) -> 0 | K23: =IF(H22=0.26,-(E22*0.07)*21/100,0) -> 0
A25: GASTOS POR DIETAS
B26: Nº de días | E26: =PRINCIPAL!I16 -> 0 | F26: =IF(E26=0,"","a") | G26: =IF(H11="Medidor",240.4,IF(H11="Árbitro",102,IF(H11="Valorador/a",102,IF(H11="Director de Torneo",102,)))) -> 0 | H26: =IF(E26=0,"","€/día") | I26: =IF(E26=0," ","Importe") | K26: =IF(E26=0,0,(E26*G26)) -> 0
F27: =IF(E26=0," ","21% I.R.P.F.sobre exceso de dieta") | K27: =IF(H11="Medidor",IF(E26=0,0,((-187.06*21/100)*E26)),IF(E26=0,0,((-48.66*21/100)*E26))) -> 0
A29: GASTOS DE MANUTENCIÓN
B30: Importe de manutención según recibos | I30: Importe | K30: =PRINCIPAL!E58 -> 0
A32: GASTOS DE ALOJAMIENTO
B33: Importe de alojamiento según recibos | I33: Importe | K33: =PRINCIPAL!G58 -> 0
A35: VARIOS
B36: Varios | I36: Importe | K36: =PRINCIPAL!I58 -> 0
E37: TOTAL GASTOS | K37: =SUM(K19:K36) -> 47.95
D38: INTRODUCIR LA FECHA EN QUE SE HACE LA LIQUIDACIÓN
H40: Madrid, a | J40: =PRINCIPAL!I21 -> 22 de marzo de 2013
C41: Conforme
C42: EL PRESIDENTE | H42: EL INTERESADO - Recibí
B45: P. Fondos
B46: Gastos | E46: =K37 -> 47.95
B47: =IF(E47>=0,"a n/ favor","a s/ favor") -> a n/ favor | E47: =IF(E45=0,E46,E45-E46) -> 47.95
B48: Devuelve
A49: VºBº | G49: Nº Cuenta corriente | I49: =PRINCIPAL!C23 -> 0065 0161 14 0001037198
A51: Justificantes que se adjuntan | E51: Billetes originales
E52: Factura Hotel
E53: Otros
A54: (*) Es imprescincible para su justificación la presentación del justificante original.En el caso de viajes al extranjero se adjuntará documento
A55: bancario del cambio oficial.
A58: 1 | B58: enero | H58: =ACTUACIONES!B2 -> Cº Canarias Masculino | I58: =ACTUACIONES!A2 -> 13-001 | J58: =CONCATENATE(H58," ",I58) -> Cº Canarias Masculino 13-001
A59: 2 | B59: febrero | C59: España | D59: ESP | E59: =CONCATENATE(C59," ",D59) -> España ESP | H59: =ACTUACIONES!B3 -> Match Cuadrangular Masculino | I59: =ACTUACIONES!A3 -> 13-002 | J59: =CONCATENATE(H59," ",I59) -> Match Cuadrangular Masculino 13-002
A60: 3 | B60: marzo | C60: Afganistan | D60: AFG | E60: =CONCATENATE(C60," ",D60) -> Afganistan AFG | H60: =ACTUACIONES!B4 -> Copa Baleares Masculina | I60: =ACTUACIONES!A4 -> 13-003 | J60: =CONCATENATE(H60," ",I60) -> Copa Baleares Masculina 13-003
A61: 4 | B61: abril | C61: Antillas Holandesas | D61: AHO | E61: =CONCATENATE(C61," ",D61) -> Antillas Holandesas AHO | H61: =ACTUACIONES!B5 -> Cº Internacional de Portugal Masculino | I61: =ACTUACIONES!A5 -> 13-004 | J61: =CONCATENATE(H61," ",I61) -> Cº Internacional de Portugal Masculino 13-004
A62: 5 | B62: mayo | C62: Albania | D62: ALB | E62: =CONCATENATE(C62," ",D62) -> Albania ALB | H62: =ACTUACIONES!B6 -> Match Francia-España (sub 18) | I62: =ACTUACIONES!A6 -> 13-005 | J62: =CONCATENATE(H62," ",I62) -> Match Francia-España (sub 18) 13-005
A63: 6 | B63: junio | C63: Argelia | D63: ALG | E63: =CONCATENATE(C63," ",D63) -> Argelia ALG | H63: =ACTUACIONES!B7 -> Cº Int.España Amateur.Copa SM El Rey | I63: =ACTUACIONES!A7 -> 13-006 | J63: =CONCATENATE(H63," ",I63) -> Cº Int.España Amateur.Copa SM El Rey 13-006
A64: 7 | B64: julio | C64: Andorra | D64: AND | E64: =CONCATENATE(C64," ",D64) -> Andorra AND | H64: =ACTUACIONES!B8 -> Copa Sotogrande Masculina | I64: =ACTUACIONES!A8 -> 13-007 | J64: =CONCATENATE(H64," ",I64) -> Copa Sotogrande Masculina 13-007
A65: 8 | B65: agosto | C65: Angola | D65: ANG | E65: =CONCATENATE(C65," ",D65) -> Angola ANG | H65: =ACTUACIONES!B9 -> Cº España Individual Junior y Boys | I65: =ACTUACIONES!A9 -> 13-008 | J65: =CONCATENATE(H65," ",I65) -> Cº España Individual Junior y Boys 13-008
A66: 9 | B66: septiembre | C66: Antigua y Barbuda | D66: ANT | E66: =CONCATENATE(C66," ",D66) -> Antigua y Barbuda ANT | H66: =ACTUACIONES!B10 -> Cº Comunidad Valenciana Masculino | I66: =ACTUACIONES!A10 -> 13-009 | J66: =CONCATENATE(H66," ",I66) -> Cº Comunidad Valenciana Masculino 13-009
A67: 10 | B67: octubre | C67: Anguila | D67: ANU | E67: =CONCATENATE(C67," ",D67) -> Anguila ANU | H67: =ACTUACIONES!B11 -> Match España-Inglaterra masculino | I67: =ACTUACIONES!A11 -> 13-010 | J67: =CONCATENATE(H67," ",I67) -> Match España-Inglaterra masculino 13-010
A68: 11 | B68: noviembre | C68: Argentina | D68: ARG | E68: =CONCATENATE(C68," ",D68) -> Argentina ARG | H68: =ACTUACIONES!B12 -> Lytham Trophy | I68: =ACTUACIONES!A12 -> 13-011 | J68: =CONCATENATE(H68," ",I68) -> Lytham Trophy 13-011
A69: 12 | B69: diciembre | C69: Armenia | D69: ARM | E69: =CONCATENATE(C69," ",D69) -> Armenia ARM | H69: =ACTUACIONES!B13 -> Copa de Andalucía Masculina | I69: =ACTUACIONES!A13 -> 13-012 | J69: =CONCATENATE(H69," ",I69) -> Copa de Andalucía Masculina 13-012
A70: 13 | C70: Aruba | D70: ARU | E70: =CONCATENATE(C70," ",D70) -> Aruba ARU | H70: =ACTUACIONES!B14 -> Copa Nacional Puerta de Hierro Masculina | I70: =ACTUACIONES!A14 -> 13-014 | J70: =CONCATENATE(H70," ",I70) -> Copa Nacional Puerta de Hierro Masculina 13-014
A71: 14 | C71: Samoa Americana | D71: ASA | E71: =CONCATENATE(C71," ",D71) -> Samoa Americana ASA | H71: =ACTUACIONES!B15 -> Concentración CT Masculino | I71: =ACTUACIONES!A15 -> 13-015 | J71: =CONCATENATE(H71," ",I71) -> Concentración CT Masculino 13-015
A72: 15 | C72: Australia | D72: AUS | E72: =CONCATENATE(C72," ",D72) -> Australia AUS | H72: =ACTUACIONES!B16 -> Juegos Mediterráneos | I72: =ACTUACIONES!A16 -> 13-016 | J72: =CONCATENATE(H72," ",I72) -> Juegos Mediterráneos 13-016
A73: 16 | C73: Austria | D73: AUT | E73: =CONCATENATE(C73," ",D73) -> Austria AUT | H73: =ACTUACIONES!B17 -> St. Andrews Links Trophy | I73: =ACTUACIONES!A17 -> 13-017 | J73: =CONCATENATE(H73," ",I73) -> St. Andrews Links Trophy 13-017
A74: 17 | C74: Azerbaidjan | D74: AZE | E74: =CONCATENATE(C74," ",D74) -> Azerbaidjan AZE | H74: =ACTUACIONES!B18 -> British Amateur Masculino | I74: =ACTUACIONES!A18 -> 13-018 | J74: =CONCATENATE(H74," ",I74) -> British Amateur Masculino 13-018
A75: 18 | C75: Bahamas | D75: BAH | E75: =CONCATENATE(C75," ",D75) -> Bahamas BAH | H75: =ACTUACIONES!B19 -> Brabazon Tropy | I75: =ACTUACIONES!A19 -> 13-019 | J75: =CONCATENATE(H75," ",I75) -> Brabazon Tropy 13-019
A76: 19 | C76: Bangladesh | D76: BAN | E76: =CONCATENATE(C76," ",D76) -> Bangladesh BAN | H76: =ACTUACIONES!B20 -> Cº Europa Absoluto por Equipos Masc. | I76: =ACTUACIONES!A20 -> 13-020 | J76: =CONCATENATE(H76," ",I76) -> Cº Europa Absoluto por Equipos Masc. 13-020
A77: 20 | C77: Barbados | D77: BAR | E77: =CONCATENATE(C77," ",D77) -> Barbados BAR | H77: =ACTUACIONES!B21 -> Cº Europa Boys por Equipos | I77: =ACTUACIONES!A21 -> 13-021 | J77: =CONCATENATE(H77," ",I77) -> Cº Europa Boys por Equipos 13-021
A78: 21 | C78: Burundi | D78: BDI | E78: =CONCATENATE(C78," ",D78) -> Burundi BDI | H78: =ACTUACIONES!B22 -> Concentración Preparatoria Europa Mascul | I78: =ACTUACIONES!A22 -> 13-022 | J78: =CONCATENATE(H78," ",I78) -> Concentración Preparatoria Europa Mascul 13-022
A79: 22 | C79: Bélgica | D79: BEL | E79: =CONCATENATE(C79," ",D79) -> Bélgica BEL | H79: =ACTUACIONES!B23 -> Campeonatos por invitación Masculinos | I79: =ACTUACIONES!A23 -> 13-023 | J79: =CONCATENATE(H79," ",I79) -> Campeonatos por invitación Masculinos 13-023
A80: 23 | C80: Benin | D80: BEN | E80: =CONCATENATE(C80," ",D80) -> Benin BEN | H80: =ACTUACIONES!B24 -> Copa de Europa de Clubs | I80: =ACTUACIONES!A24 -> 13-024 | J80: =CONCATENATE(H80," ",I80) -> Copa de Europa de Clubs 13-024
A81: 24 | C81: Bermudas | D81: BER | E81: =CONCATENATE(C81," ",D81) -> Bermudas BER | H81: =ACTUACIONES!B25 -> Cº España Individual Absoluto Masculino | I81: =ACTUACIONES!A25 -> 13-025 | J81: =CONCATENATE(H81," ",I81) -> Cº España Individual Absoluto Masculino 13-025
... A88: 31 | C88: Brasil | D88: BRA | E88: =CONCATENATE(C88," ",D88) -> Brasil BRA | H88: =ACTUACIONES!B32 -> Cº Int. España Jr. Stroke Play Masculin | I88: =ACTUACIONES!A32 -> 13-032 | J88: =CONCATENATE(H88," ",I88) -> Cº Int. España Jr. Stroke Play Masculin 13-032
C89: Bahrain | D89: BRN | E89: =CONCATENATE(C89," ",D89) -> Bahrain BRN | H89: =ACTUACIONES!B33 -> Interterritorial sub-25 1ª división Masc | I89: =ACTUACIONES!A33 -> 13-033 | J89: =CONCATENATE(H89," ",I89) -> Interterritorial sub-25 1ª división Masc 13-033
C90: Brunei | D90: BRU | E90: =CONCATENATE(C90," ",D90) -> Brunei BRU | H90: =ACTUACIONES!B34 -> Cº Internacional de Portugal Femenino | I90: =ACTUACIONES!A34 -> 13-034 | J90: =CONCATENATE(H90," ",I90) -> Cº Internacional de Portugal Femenino 13-034
A91: 2011 | C91: Bulgaria | D91: BUL | E91: =CONCATENATE(C91," ",D91) -> Bulgaria BUL | H91: =ACTUACIONES!B35 -> Match España-Suecia Femenino | I91: =ACTUACIONES!A35 -> 13-035 | J91: =CONCATENATE(H91," ",I91) -> Match España-Suecia Femenino 13-035
A92: 2012 | C92: Burkina Faso | D92: BUR | E92: =CONCATENATE(C92," ",D92) -> Burkina Faso BUR | H92: =ACTUACIONES!B36 -> Cº Comunidad Valenciana Femenino | I92: =ACTUACIONES!A36 -> 13-036 | J92: =CONCATENATE(H92," ",I92) -> Cº Comunidad Valenciana Femenino 13-036
A93: 2013 | C93: Republica Centroafricana | D93: CAF | E93: =CONCATENATE(C93," ",D93) -> Republica Centroafricana CAF | H93: =ACTUACIONES!B37 -> Cº Int.de España Fem-Copa SM La Reina | I93: =ACTUACIONES!A37 -> 13-037 | J93: =CONCATENATE(H93," ",I93) -> Cº Int.de España Fem-Copa SM La Reina 13-037
A94: 2014 | C94: Camboya | D94: CAM | E94: =CONCATENATE(C94," ",D94) -> Camboya CAM | H94: =ACTUACIONES!B38 -> Cº Europeo de Naciones Fem.Copa Sotogran | I94: =ACTUACIONES!A38 -> 13-038 | J94: =CONCATENATE(H94," ",I94) -> Cº Europeo de Naciones Fem.Copa Sotogran 13-038
A95: 2015 | C95: Canada | D95: CAN | E95: =CONCATENATE(C95," ",D95) -> Canada CAN | H95: =ACTUACIONES!B39 -> Cº Int. Francia Jr.-Coupe Esmond | I95: =ACTUACIONES!A39 -> 13-039 | J95: =CONCATENATE(H95," ",I95) -> Cº Int. Francia Jr.-Coupe Esmond 13-039
C96: I. Caiman | D96: CAY | E96: =CONCATENATE(C96," ",D96) -> I. Caiman CAY | H96: =ACTUACIONES!B40 -> Copa Andalucía Femenina | I96: =ACTUACIONES!A40 -> 13-040 | J96: =CONCATENATE(H96," ",I96) -> Copa Andalucía Femenina 13-040
C97: Congo Republica Popular | D97: CGO | E97: =CONCATENATE(C97," ",D97) -> Congo Republica Popular CGO | H97: =ACTUACIONES!B41 -> Cº Int. España Stroke Play Fem. | I97: =ACTUACIONES!A41 -> 13-041 | J97: =CONCATENATE(H97," ",I97) -> Cº Int. España Stroke Play Fem. 13-041
C98: Chad | D98: CHA | E98: =CONCATENATE(C98," ",D98) -> Chad CHA | H98: =ACTUACIONES!B42 -> Cº Int. de Alemania Femenino | I98: =ACTUACIONES!A42 -> 13-042 | J98: =CONCATENATE(H98," ",I98) -> Cº Int. de Alemania Femenino 13-042
C99: Chile | D99: CHI | E99: =CONCATENATE(C99," ",D99) -> Chile CHI | H99: =ACTUACIONES!B43 -> Cº España Absoluto Fem. Jr. y Girls | I99: =ACTUACIONES!A43 -> 13-043 | J99: =CONCATENATE(H99," ",I99) -> Cº España Absoluto Fem. Jr. y Girls 13-043
C100: China Republica Popular | D100: CHN | E100: =CONCATENATE(C100," ",D100) -> China Republica Popular CHN | H100: =ACTUACIONES!B44 -> British Ladies Amateur Championship | I100: =ACTUACIONES!A44 -> 13-044 | J100: =CONCATENATE(H100," ",I100) -> British Ladies Amateur Championship 13-044
C101: Costa de Marfil | D101: CIV | E101: =CONCATENATE(C101," ",D101) -> Costa de Marfil CIV | H101: =ACTUACIONES!B45 -> Vagliano Trophy-Match Int.Europa-I.Britá | I101: =ACTUACIONES!A45 -> 13-045 | J101: =CONCATENATE(H101," ",I101) -> Vagliano Trophy-Match Int.Europa-I.Britá 13-045
C102: Camerun | D102: CMR | E102: =CONCATENATE(C102," ",D102) -> Camerun CMR | H102: =ACTUACIONES!B46 -> Grand Prix de Chiberta Femenino | I102: =ACTUACIONES!A46 -> 13-046 | J102: =CONCATENATE(H102," ",I102) -> Grand Prix de Chiberta Femenino 13-046
C103: I. Cook (Nueva Zelanda) | D103: COK | E103: =CONCATENATE(C103," ",D103) -> I. Cook (Nueva Zelanda) COK | H103: =ACTUACIONES!B47 -> Cº Comunidad de Madrid Femenino | I103: =ACTUACIONES!A47 -> 13-047 | J103: =CONCATENATE(H103," ",I103) -> Cº Comunidad de Madrid Femenino 13-047
C104: Colombia | D104: COL | E104: =CONCATENATE(C104," ",D104) -> Colombia COL | H104: =ACTUACIONES!B48 -> Cº Europa Girls (sub-18) por equipos | I104: =ACTUACIONES!A48 -> 13-048 | J104: =CONCATENATE(H104," ",I104) -> Cº Europa Girls (sub-18) por equipos 13-048
C105: Comores | D105: COM | E105: =CONCATENATE(C105," ",D105) -> Comores COM | H105: =ACTUACIONES!B49 -> Cº Europa Absoluto por Equipos Femenino | I105: =ACTUACIONES!A49 -> 13-049 | J105: =CONCATENATE(H105," ",I105) -> Cº Europa Absoluto por Equipos Femenino 13-049
C106: Cabo Verde | D106: CPV | E106: =CONCATENATE(C106," ",D106) -> Cabo Verde CPV | H106: =ACTUACIONES!B50 -> Cº Internacional Holanda Femenino | I106: =ACTUACIONES!A50 -> 13-050 | J106: =CONCATENATE(H106," ",I106) -> Cº Internacional Holanda Femenino 13-050
C107: Costa Rica | D107: CRC | E107: =CONCATENATE(C107," ",D107) -> Costa Rica CRC | H107: =ACTUACIONES!B51 -> Grand Prix de Landes Femenino | I107: =ACTUACIONES!A51 -> 13-051 | J107: =CONCATENATE(H107," ",I107) -> Grand Prix de Landes Femenino 13-051
... C232: Puerto Rico | D232: PUR | E232: =CONCATENATE(C232," ",D232) -> Puerto Rico PUR | H232: =ACTUACIONES!B176 -> Master Senior | I232: =ACTUACIONES!A176 -> 13-914 | J232: =CONCATENATE(H232," ",I232) -> Master Senior 13-914
C233: Qatar | D233: QAT | E233: =CONCATENATE(C233," ",D233) -> Qatar QAT | H233: =ACTUACIONES!B178 -> 0 | I233: =ACTUACIONES!A178 -> 0
C234: Reunion (Francia) | D234: REN | E234: =CONCATENATE(C234," ",D234) -> Reunion (Francia) REN | H234: =ACTUACIONES!B179 -> 0 | I234: =ACTUACIONES!A179 -> 0
C235: Rumania | D235: ROM | E235: =CONCATENATE(C235," ",D235) -> Rumania ROM | H235: =ACTUACIONES!B180 -> 0 | I235: =ACTUACIONES!A180 -> 0
C236: Sudafrica Republica de | D236: RSA | E236: =CONCATENATE(C236," ",D236) -> Sudafrica Republica de RSA | H236: =ACTUACIONES!B181 -> 0 | I236: =ACTUACIONES!A181 -> 0
C237: Rusia Federacion de | D237: RUS | E237: =CONCATENATE(C237," ",D237) -> Rusia Federacion de RUS | H237: =ACTUACIONES!B182 -> 0 | I237: =ACTUACIONES!A182 -> 0
C238: Ruanda | D238: RWA | E238: =CONCATENATE(C238," ",D238) -> Ruanda RWA | H238: =ACTUACIONES!B183 -> 0 | I238: =ACTUACIONES!A183 -> 0
C239: Samoa Occidental | D239: SAM | E239: =CONCATENATE(C239," ",D239) -> Samoa Occidental SAM | H239: =ACTUACIONES!B184 -> 0 | I239: =ACTUACIONES!A184 -> 0
C240: Senegal | D240: SEN | E240: =CONCATENATE(C240," ",D240) -> Senegal SEN | H240: =ACTUACIONES!B185 -> 0 | I240: =ACTUACIONES!A185 -> 0
C241: Seychelles | D241: SEY | E241: =CONCATENATE(C241," ",D241) -> Seychelles SEY
C242: Singapur | D242: SIN | E242: =CONCATENATE(C242," ",D242) -> Singapur SIN
C243: San Kitts y Nevis | D243: SKN | E243: =CONCATENATE(C243," ",D243) -> San Kitts y Nevis SKN
C244: Sierra Leona | D244: SLE | E244: =CONCATENATE(C244," ",D244) -> Sierra Leona SLE
C245: Eslovenia | D245: SLO | E245: =CONCATENATE(C245," ",D245) -> Eslovenia SLO
C246: San Marino | D246: SMR | E246: =CONCATENATE(C246," ",D246) -> San Marino SMR
C247: I. Salomon | D247: SOL | E247: =CONCATENATE(C247," ",D247) -> I. Salomon SOL
C248: Somalia | D248: SOM | E248: =CONCATENATE(C248," ",D248) -> Somalia SOM
...

Sheet ACTUACIONES
A1: Actuación | B1: Descripción | C1: Lugar | D1: Fecha inicio | E1: Fecha fin | F1: Presupuestado CSD | G1: Especialidad | H1: Técnicos/Profesores | I1: Jueces | J1: Técnicos/Profesores realiz. | K1: Jueces realiz. | L1: Médicos realiz. | M1: Auxiliares realiz. | N1: Otros realiz. | O1: Deportistas/Alumnos realiz. | P1: Otros | Q1: Auxiliares | R1: Médicos | S1: Deportistas/Alumnos | T1: Nueva creación | U1: Realizado total | V1: Actividad | W1: Nº Mujeres Deportistas/Alumnas | X1: Nº Hombres Deportistas/Alumnos | Y1: Nº Mujeres Técnicas/Profesores | Z1: Nº Hombres Técnicos/Profesores | AA1: Nº Mujeres Jueces | AB1: Nº Hombres Jueces | AC1: Nº Mujeres Médicos | AD1: Nº Hombres Médicos | AE1: Nº Mujeres Auxiliares | AF1: Nº Hombres Auxiliares | AG1: Nº Mujeres Otros | AH1: Nº Hombres Otros | AI1: Nº Mujeres Dep/Alum realiz. | AJ1: Nº Hombres Dep/Alum realiz. | AK1: Nº Mujeres Téc/Prof realiz. | AL1: Nº Hombres Téc/Prof realiz. | AM1: Nº Mujeres Jueces realiz. | AN1: Nº Hombres Jueces realiz. | AO1: Nº Mujeres Médicos realiz. | AP1: Nº Hombres Médicos realiz. | AQ1: Nº Mujeres Auxiliares realiz. | AR1: Nº Hombres Auxiliares realiz. | AS1: Nº Mujeres Otros realiz. | AT1: Nº Hombres Otros realiz.
A2: 13-001 | B2: Cº Canarias Masculino | C2: R.C.G.Tenerife | D2: 41281 | E2: 41286 | F2: 5000 | G2: GOLF | H2: 1 | I2: 0 | J2: 1 | K2: 0 | L2: 0 | M2: 0 | N2: 0 | O2: 5 | P2: 0 | Q2: 0 | R2: 0 | S2: 5 | T2: No | U2: 0 | V2: I | W2: 0 | X2: 5 | Y2: 0 | Z2: 1 | AA2: 0 | AB2: 0 | AC2: 0 | AD2: 0 | AE2: 0 | AF2: 0 | AG2: 0 | AH2: 0 | AI2: 0 | AJ2: 5 | AK2: 0 | AL2: 1 | AM2: 0 | AN2: 0 | AO2: 0 | AP2: 0 | AQ2: 0 | AR2: 0 | AS2: 0 | AT2: 0
A3: 13-002 | B3: Match Cuadrangular Masculino | C3: Costa Ballena, Cádiz | D3: 41297 | E3: 41299 | F3: 11500 | G3: GOLF | H3: 1 | I3: 0 | J3: 1 | K3: 0 | L3: 0 | M3: 0 | N3: 1 | O3: 6 | P3: 1 | Q3: 0 | R3: 0 | S3: 6 | T3: No | U3: 0 | V3: I | W3: 0 | X3: 6 | Y3: 0 | Z3: 1 | AA3: 0 | AB3: 0 | AC3: 0 | AD3: 0 | AE3: 0 | AF3: 0 | AG3: 0 | AH3: 1 | AI3: 0 | AJ3: 6 | AK3: 0 | AL3: 1 | AM3: 0 | AN3: 0 | AO3: 0 | AP3: 0 | AQ3: 0 | AR3: 0 | AS3: 0 | AT3: 1
A4: 13-003 | B4: Copa Baleares Masculina | C4: Golf Son Antem (Mallorca) | D4: 41310 | E4: 41315 | F4: 7000 | G4: GOLF | H4: 2 | I4: 0 | J4: 2 | K4: 0 | L4: 0 | M4: 0 | N4: 1 | O4: 5 | P4: 1 | Q4: 0 | R4: 0 | S4: 5 | T4: No | U4: 0 | V4: I | W4: 0 | X4: 5 | Y4: 0 | Z4: 2 | AA4: 0 | AB4: 0 | AC4: 0 | AD4: 0 | AE4: 0 | AF4: 0 | AG4: 0 | AH4: 1 | AI4: 0 | AJ4: 5 | AK4: 0 | AL4: 2 | AM4: 0 | AN4: 0 | AO4: 0 | AP4: 0 | AQ4: 0 | AR4: 0 | AS4: 0 | AT4: 1
A5: 13-004 | B5: Cº Internacional de Portugal Masculino | C5: Montado Golf Resort | D5: 41318 | E5: 41321 | F5: 6000 | G5: GOLF | H5: 0 | I5: 0 | J5: 0 | K5: 0 | L5: 0 | M5: 0 | N5: 0 | O5: 3 | P5: 0 | Q5: 0 | R5: 0 | S5: 3 | T5: No | U5: 0 | V5: I | W5: 0 | X5: 3 | Y5: 0 | Z5: 0 | AA5: 0 | AB5: 0 | AC5: 0 | AD5: 0 | AE5: 0 | AF5: 0 | AG5: 0 | AH5: 0 | AI5: 0 | AJ5: 3 | AK5: 0 | AL5: 0 | AM5: 0 | AN5: 0 | AO5: 0 | AP5: 0 | AQ5: 0 | AR5: 0 | AS5: 0 | AT5: 0
A6: 13-005 | B6: Match Francia-España (sub 18) | C6: Pau | D6: 41321 | E6: 41322 | F6: 7500 | G6: GOLF | H6: 1 | I6: 0 | J6: 1 | K6: 0 | L6: 0 | M6: 0 | N6: 1 | O6: 12 | P6: 1 | Q6: 0 | R6: 0 | S6: 12 | T6: No | U6: 0 | V6: I | W6: 0 | X6: 12 | Y6: 0 | Z6: 1 | AA6: 0 | AB6: 0 | AC6: 0 | AD6: 0 | AE6: 0 | AF6: 0 | AG6: 0 | AH6: 1 | AI6: 0 | AJ6: 12 | AK6: 0 | AL6: 1 | AM6: 0 | AN6: 0 | AO6: 0 | AP6: 0 | AQ6: 0 | AR6: 0 | AS6: 0 | AT6: 1
A7: 13-006 | B7: Cº Int.España Amateur.Copa SM El Rey | C7: La Manga (Murcia) | D7: 41330 | E7: 41336 | F7: 12500 | G7: GOLF | H7: 1 | I7: 0 | J7: 1 | K7: 0 | L7: 0 | M7: 0 | N7: 3 | O7: 5 | P7: 3 | Q7: 0 | R7: 0 | S7: 5 | T7: No | U7: 0 | V7: I | W7: 0 | X7: 5 | Y7: 0 | Z7: 1 | AA7: 0 | AB7: 0 | AC7: 0 | AD7: 0 | AE7: 0 | AF7: 0 | AG7: 0 | AH7: 3 | AI7: 0 | AJ7: 5 | AK7: 0 | AL7: 1 | AM7: 0 | AN7: 0 | AO7: 0 | AP7: 0 | AQ7: 0 | AR7: 0 | AS7: 0 | AT7: 3
A8: 13-007 | B8: Copa Sotogrande Masculina | C8: R.C.G.Sotogrande (Cádiz) | D8: 41346 | E8: 41349 | F8: 10500 | G8: GOLF | H8: 1 | I8: 0 | J8: 1 | K8: 0 | L8: 0 | M8: 0 | N8: 1 | O8: 4 | P8: 1 | Q8: 0 | R8: 0 | S8: 4 | T8: No | U8: 0 | V8: I | W8: 0 | X8: 4 | Y8: 0 | Z8: 1 | AA8: 0 | AB8: 0 | AC8: 0 | AD8: 0 | AE8: 0 | AF8: 0 | AG8: 0 | AH8: 1 | AI8: 0 | AJ8: 4 | AK8: 0 | AL8: 1 | AM8: 0 | AN8: 0 | AO8: 0 | AP8: 0 | AQ8: 0 | AR8: 0 | AS8: 0 | AT8: 1
A9: 13-008 | B9: Cº España Individual Junior y Boys | C9: Señorío de Zuasti (Navarra) | D9: 41356 | E9: 41360 | F9: 6800 | G9: GOLF | H9: 0 | I9: 0 | J9: 0 | K9: 0 | L9: 0 | M9: 0 | N9: 2 | O9: 4 | P9: 2 | Q9: 0 | R9: 0 | S9: 4 | T9: No | U9: 0 | V9: I | W9: 0 | X9: 4 | Y9: 0 | Z9: 0 | AA9: 0 | AB9: 0 | AC9: 0 | AD9: 0 | AE9: 0 | AF9: 0 | AG9: 0 | AH9: 2 | AI9: 0 | AJ9: 4 | AK9: 0 | AL9: 0 | AM9: 0 | AN9: 0 | AO9: 0 | AP9: 0 | AQ9: 0 | AR9: 0 | AS9: 0 | AT9: 2
A10: 13-009 | B10: Cº Comunidad Valenciana Masculino | C10: El Saler (Valencia) | D10: 41374 | E10: 41378 | F10: 7800 | G10: GOLF | H10: 2 | I10: 0 | J10: 2 | K10: 0 | L10: 0 | M10: 0 | N10: 1 | O10: 5 | P10: 1 | Q10: 0 | R10: 0 | S10: 5 | T10: No | U10: 0 | V10: I | W10: 0 | X10: 5 | Y10: 0 | Z10: 2 | AA10: 0 | AB10: 0 | AC10: 0 | AD10: 0 | AE10: 0 | AF10: 0 | AG10: 0 | AH10: 1 | AI10: 0 | AJ10: 5 | AK10: 0 | AL10: 2 | AM10: 0 | AN10: 0 | AO10: 0 | AP10: 0 | AQ10: 0 | AR10: 0 | AS10: 0 | AT10: 1
A11: 13-010 | B11: Match España-Inglaterra masculino | C11: R.C.G.El Prat (Barcelona) | D11: 41391 | E11: 41392 | F11: 14000 | G11: GOLF | H11: 1 | I11: 0 | J11: 1 | K11: 0 | L11: 0 | M11: 0 | N11: 4 | O11: 9 | P11: 4 | Q11: 0 | R11: 0 | S11: 9 | T11: No | U11: 0 | V11: I | W11: 0 | X11: 9 | Y11: 0 | Z11: 1 | AA11: 0 | AB11: 0 | AC11: 0 | AD11: 0 | AE11: 0 | AF11: 0 | AG11: 0 | AH11: 4 | AI11: 0 | AJ11: 9 | AK11: 0 | AL11: 1 | AM11: 0 | AN11: 0 | AO11: 0 | AP11: 0 | AQ11: 0 | AR11: 0 | AS11: 0 | AT11: 4
A12: 13-011 | B12: Lytham Trophy | C12: Royal Lytham & St. Annes | D12: 41397 | E12: 41399 | F12: 0 | G12: GOLF | H12: 0 | I12: 0 | J12: 0 | K12: 0 | L12: 0 | M12: 0 | N12: 0 | O12: 0 | P12: 0 | Q12: 0 | R12: 0 | S12: 0 | T12: No | U12: 0 | V12: I | W12: 0 | X12: 0 | Y12: 0 | Z12: 0 | AA12: 0 | AB12: 0 | AC12: 0 | AD12: 0 | AE12: 0 | AF12: 0 | AG12: 0 | AH12: 0 | AI12: 0 | AJ12: 0 | AK12: 0 | AL12: 0 | AM12: 0 | AN12: 0 | AO12: 0 | AP12: 0 | AQ12: 0 | AR12: 0 | AS12: 0 | AT12: 0
A13: 13-012 | B13: Copa de Andalucía Masculina | C13: Lauro Golf (Málaga) | D13: 41401 | E13: 41406 | F13: 7000 | G13: GOLF | H13: 1 | I13: 0 | J13: 1 | K13: 0 | L13: 0 | M13: 0 | N13: 0 | O13: 5 | P13: 0 | Q13: 0 | R13: 0 | S13: 5 | T13: No | U13: 0 | V13: I | W13: 0 | X13: 5 | Y13: 0 | Z13: 1 | AA13: 0 | AB13: 0 | AC13: 0 | AD13: 0 | AE13: 0 | AF13: 0 | AG13: 0 | AH13: 0 | AI13: 0 | AJ13: 5 | AK13: 0 | AL13: 1 | AM13: 0 | AN13: 0 | AO13: 0 | AP13: 0 | AQ13: 0 | AR13: 0 | AS13: 0 | AT13: 0
... A22: 13-022 | B22: Concentración Preparatoria Europa Mascul | C22: A determinar | D22: 41426 | E22: 41432 | F22: 9500 | G22: GOLF | H22: 3 | I22: 0 | J22: 3 | K22: 0 | L22: 0 | M22: 0 | N22: 2 | O22: 12 | P22: 2 | Q22: 0 | R22: 0 | S22: 12 | T22: No | U22: 0 | V22: I | W22: 0 | X22: 12 | Y22: 0 | Z22: 3 | AA22: 0 | AB22: 0 | AC22: 0 | AD22: 0 | AE22: 0 | AF22: 0 | AG22: 0 | AH22: 2 | AI22: 0 | AJ22: 12 | AK22: 0 | AL22: 3 | AM22: 0 | AN22: 0 | AO22: 0 | AP22: 0 | AQ22: 0 | AR22: 0 | AS22: 0 | AT22: 2
A23: 13-023 | B23: Campeonatos por invitación Masculinos | C23: A determinar | D23: 41426 | E23: 41639
A24: 13-024 | B24: Copa de Europa de Clubs | C24: Portugal | D24: 41571 | E24: 41573 | F24: 4200 | G24: GOLF | H24: 0 | I24: 0 | J24: 0 | K24: 0 | L24: 0 | M24: 0 | N24: 1 | O24: 3 | P24: 1 | Q24: 0 | R24: 0 | S24: 3 | T24: No | U24: 0 | V24: I | W24: 0 | X24: 3 | Y24: 0 | Z24: 0 | AA24: 0 | AB24: 0 | AC24: 0 | AD24: 0 | AE24: 0 | AF24: 0 | AG24: 0 | AH24: 1 | AI24: 0 | AJ24: 3 | AK24: 0 | AL24: 0 | AM24: 0 | AN24: 0 | AO24: 0 | AP24: 0 | AQ24: 0 | AR24: 0 | AS24: 0 | AT24: 1
A25: 13-025 | B25: Cº España Individual Absoluto Masculino | C25: Lomas-Bosque (Madrid) | D25: 41480 | E25: 41483 | F25: 10000 | G25: GOLF | H25: 2 | I25: 0 | J25: 2 | K25: 0 | L25: 0 | M25: 0 | N25: 2 | O25: 5 | P25: 2 | Q25: 0 | R25: 0 | S25: 5 | T25: No | U25: 0 | V25: I | W25: 0 | X25: 5 | Y25: 0 | Z25: 2 | AA25: 0 | AB25: 0 | AC25: 0 | AD25: 0 | AE25: 0 | AF25: 0 | AG25: 0 | AH25: 2 | AI25: 0 | AJ25: 5 | AK25: 0 | AL25: 2 | AM25: 0 | AN25: 0 | AO25: 0 | AP25: 0 | AQ25: 0 | AR25: 0 | AS25: 0 | AT25: 2
A26: 13-026 | B26: Grand Prix des Landes Masculino | C26: Golf de Hossegor | D26: 41511 | E26: 41514 | F26: 1500 | G26: GOLF | H26: 0 | I26: 0 | J26: 0 | K26: 0 | L26: 0 | M26: 0 | N26: 0 | O26: 6 | P26: 0 | Q26: 0 | R26: 0 | S26: 6 | T26: No | U26: 0 | V26: I | W26: 0 | X26: 6 | Y26: 0 | Z26: 0 | AA26: 0 | AB26: 0 | AC26: 0 | AD26: 0 | AE26: 0 | AF26: 0 | AG26: 0 | AH26: 0 | AI26: 0 | AJ26: 6 | AK26: 0 | AL26: 0 | AM26: 0 | AN26: 0 | AO26: 0 | AP26: 0 | AQ26: 0 | AR26: 0 | AS26: 0 | AT26: 0
A27: 13-027 | B27: Concentración Tommy Horton CTAM | C27: Jerez | D27: 41599 | E27: 41600 | F27: 29400 | G27: GOLF | H27: 6 | I27: 0 | J27: 6 | K27: 0 | L27: 0 | M27: 0 | N27: 2 | O27: 20 | P27: 2 | Q27: 0 | R27: 0 | S27: 20 | T27: No | U27: 0 | V27: I | W27: 0 | X27: 20 | Y27: 0 | Z27: 6 | AA27: 0 | AB27: 0 | AC27: 0 | AD27: 0 | AE27: 0 | AF27: 0 | AG27: 0 | AH27: 2 | AI27: 0 | AJ27: 20 | AK27: 0 | AL27: 6 | AM27: 0 | AN27: 0 | AO27: 0 | AP27: 0 | AQ27: 0 | AR27: 0 | AS27: 0 | AT27: 2
A28: 13-028 | B28: Cº Europa Individual Masculino | C28: R.C.G.El Prat (Barcelona) | D28: 41491 | E28: 41496 | F28: 23400 | G28: GOLF | H28: 1 | I28: 0 | J28: 1 | K28: 0 | L28: 0 | M28: 0 | N28: 1 | O28: 6 | P28: 1 | Q28: 0 | R28: 0 | S28: 6 | T28: No | U28: 0 | V28: I | W28: 0 | X28: 6 | Y28: 0 | Z28: 1 | AA28: 0 | AB28: 0 | AC28: 0 | AD28: 0 | AE28: 0 | AF28: 0 | AG28: 0 | AH28: 1 | AI28: 0 | AJ28: 6 | AK28: 0 | AL28: 1 | AM28: 0 | AN28: 0 | AO28: 0 | AP28: 0 | AQ28: 0 | AR28: 0 | AS28: 0 | AT28: 1
A29: 13-029 | B29: British Boys | C29: Royal Liverpool & Wallasey | D29: 41496 | E29: 41504 | F29: 10000 | G29: GOLF | H29: 1 | I29: 0 | J29: 1 | K29: 0 | L29: 0 | M29: 0 | N29: 1 | O29: 6 | P29: 1 | Q29: 0 | R29: 0 | S29: 6 | T29: No | U29: 0 | V29: I | W29: 0 | X29: 6 | Y29: 0 | Z29: 1 | AA29: 0 | AB29: 0 | AC29: 0 | AD29: 0 | AE29: 0 | AF29: 0 | AG29: 0 | AH29: 1 | AI29: 0 | AJ29: 6 | AK29: 0 | AL29: 1 | AM29: 0 | AN29: 0 | AO29: 0 | AP29: 0 | AQ29: 0 | AR29: 0 | AS29: 0 | AT29: 1
A30: 13-030 | B30: Cº Internacional de Finlandia Masculino | C30: Helsinki G.C. | D30: 41499 | E30: 41503 | F30: 2000 | G30: GOLF | H30: 0 | I30: 0 | J30: 0 | K30: 0 | L30: 0 | M30: 0 | N30: 0 | O30: 3 | P30: 0 | Q30: 0 | R30: 0 | S30: 3 | T30: No | U30: 0 | V30: I | W30: 0 | X30: 3 | Y30: 0 | Z30: 0 | AA30: 0 | AB30: 0 | AC30: 0 | AD30: 0 | AE30: 0 | AF30: 0 | AG30: 0 | AH30: 0 | AI30: 0 | AJ30: 3 | AK30: 0 | AL30: 0 | AM30: 0 | AN30: 0 | AO30: 0 | AP30: 0 | AQ30: 0 | AR30: 0 | AS30: 0 | AT30: 0
A31: 13-031 | B31: Jacques Leglise Trophy | C31: Royal St. David | D31: 41516 | E31: 41517 | F31: 0 | G31: GOLF | H31: 0 | I31: 0 | J31: 0 | K31: 0 | L31: 0 | M31: 0 | N31: 0 | O31: 0 | P31: 0 | Q31: 0 | R31: 0 | S31: 0 | T31: No | U31: 0 | V31: I | W31: 0 | X31: 0 | Y31: 0 | Z31: 0 | AA31: 0 | AB31: 0 | AC31: 0 | AD31: 0 | AE31: 0 | AF31: 0 | AG31: 0 | AH31: 0 | AI31: 0 | AJ31: 0 | AK31: 0 | AL31: 0 | AM31: 0 | AN31: 0 | AO31: 0 | AP31: 0 | AQ31: 0 | AR31: 0 | AS31: 0 | AT31: 0
A32: 13-032 | B32: Cº Int. España Jr. Stroke Play Masculin | C32: Empordá (Gerona) | D32: 41521 | E32: 41525 | F32: 4000 | G32: GOLF | H32: 0 | I32: 0 | J32: 0 | K32: 0 | L32: 0 | M32: 0 | N32: 0 | O32: 5 | P32: 0 | Q32: 0 | R32: 0 | S32: 5 | T32: No | U32: 0 | V32: I | W32: 0 | X32: 5 | Y32: 0 | Z32: 0 | AA32: 0 | AB32: 0 | AC32: 0 | AD32: 0 | AE32: 0 | AF32: 0 | AG32: 0 | AH32: 0 | AI32: 0 | AJ32: 5 | AK32: 0 | AL32: 0 | AM32: 0 | AN32: 0 | AO32: 0 | AP32: 0 | AQ32: 0 | AR32: 0 | AS32: 0 | AT32: 0
A33: 13-033 | B33: Interterritorial sub-25 1ª división Masc | C33: C.G.Perelada (Gerona) | D33: 41549 | E33: 41552 | F33: 44500 | G33: GOLF | H33: 8 | I33: 0 | J33: 8 | K33: 0 | L33: 0 | M33: 0 | N33: 12 | O33: 48 | P33: 12 | Q33: 0 | R33: 0 | S33: 48 | T33: No | U33: 0 | V33: I | W33: 0 | X33: 48 | Y33: 0 | Z33: 8 | AA33: 0 | AB33: 0 | AC33: 0 | AD33: 0 | AE33: 0 | AF33: 0 | AG33: 0 | AH33: 12 | AI33: 0 | AJ33: 48 | AK33: 0 | AL33: 8 | AM33: 0 | AN33: 0 | AO33: 0 | AP33: 0 | AQ33: 0 | AR33: 0 | AS33: 0 | AT33: 12
A34: 13-034 | B34: Cº Internacional de Portugal Femenino | C34: Montado Golf (Palmela) | D34: 41304 | E34: 41307 | F34: 6000 | G34: GOLF | H34: 0 | I34: 0 | J34: 0 | K34: 0 | L34: 0 | M34: 0 | N34: 1 | O34: 6 | P34: 1 | Q34: 0 | R34: 0 | S34: 6 | T34: No | U34: 0 | V34: I | W34: 6 | X34: 0 | Y34: 0 | Z34: 0 | AA34: 0 | AB34: 0 | AC34: 0 | AD34: 0 | AE34: 0 | AF34: 0 | AG34: 1 | AH34: 0 | AI34: 6 | AJ34: 0 | AK34: 0 | AL34: 0 | AM34: 0 | AN34: 0 | AO34: 0 | AP34: 0 | AQ34: 0 | AR34: 0 | AS34: 1 | AT34: 0
A35: 13-035 | B35: Match España-Suecia Femenino | C35: Arcos Gardens | D35: 41306 | E35: 41307 | F35: 7000 | G35: GOLF | H35: 1 | I35: 0 | J35: 1 | K35: 0 | L35: 0 | M35: 0 | N35: 1 | O35: 6 | P35: 1 | Q35: 0 | R35: 0 | S35: 6 | T35: No | U35: 0 | V35: I | W35: 6 | X35: 0 | Y35: 0 | Z35: 1 | AA35: 0 | AB35: 0 | AC35: 0 | AD35: 0 | AE35: 0 | AF35: 0 | AG35: 1 | AH35: 0 | AI35: 6 | AJ35: 0 | AK35: 0 | AL35: 1 | AM35: 0 | AN35: 0 | AO35: 0 | AP35: 0 | AQ35: 0 | AR35: 0 | AS35: 1 | AT35: 0
... A176: 13-914 | B176: Master Senior | C176: a determinar | D176: 41609 | E176: 41611 | F176: 6000 | G176: GOLF | H176: 0 | I176: 0 | J176: 0 | K176: 0 | L176: 0 | M176: 0 | N176: 0 | O176: 4 | P176: 0 | Q176: 0 | R176: 0 | S176: 4 | T176: No | U176: 0 | V176: V | W176: 0 | X176: 4 | Y176: 0 | Z176: 0 | AA176: 0 | AB176: 0 | AC176: 0 | AD176: 0 | AE176: 0 | AF176: 0 | AG176: 0 | AH176: 0 | AI176: 0 | AJ176: 4 | AK176: 0 | AL176: 0 | AM176: 0 | AN176: 0 | AO176: 0 | AP176: 0 | AQ176: 0 | AR176: 0 | AS176: 0 | AT176: 0

Sheet boises
D3: REAL FEDERACION ESPAÑOLA DE GOLF
D5: DEPARTAMENTO FINANCIERO
D7: Carátula de Fax
A8: Fecha: | C8: =TODAY() -> 41355
A9: Para: | C9: Alvaro Fernández Jiménez
A10: Nº de Fax: | C10: 91 533 90 58
A13: Querido Alvaro:
A15: Te remitimos los datos de la/s persona/s a las que hay que incluir en su próxima nómina alguna cantidad
A16: por desplazamiento:
A21: Nombre: | B21: =PRINCIPAL!C8 -> Sergio de Céspedes Rodríguez
A23: D.N.I. | B23: =PRINCIPAL!C9 -> 44576869-V
A25: Motivo del desplazamiento | B25: =LIQUIDACION!G12 -> Concentración Juvenil Mixta 13-422
A27: Kilómetros realizados | B27: =PRINCIPAL!E20 -> 0
A29: Importe/kilómetro | B29: 0.26
A31: Cuenta contable | B31: =RETRIBUCIONES!B7 -> 65500
A33: Departamento | B33: =RETRIBUCIONES!N7 -> 0
A35: Programa | B35: =RETRIBUCIONES!O7
A38: Un saludo.
D42: - Jorge Sagardoy Fidalgo -
